 Dungeon Crawl Stone Soup version 0.27-a0-1612-gde56a17b89 (webtiles) character file.

Game seed: 14345338021356243588

61 Spectrina the Sneak (level 4, -16/35 HPs)
             Began as a Djinni Delver on July 22, 2021.
             Demolished by an ogre (30 damage)
             ... on level 4 of the Dungeon.
             The game lasted 00:04:29 (613 turns).

Spectrina the Sneak (Djinni Delver)                  Turns: 613, Time: 00:04:29

Health: -16/35     AC:  3    Str: 11    XL:     4   Next: 27%
Gold:   64         EV: 12    Int: 13    God:
                   SH:  0    Dex: 14

rFire    + + .     SeeInvis .   h - +2 whip (elec)
rCold    x . .     Faith    .   (no shield)
rNeg     . . .     Spirit   .   a - +0 leather armour
rPois    ∞         Reflect  .   (helmet currently unavailable)
rElec    .         Harm     .   (no cloak)
rCorr    .         Rampage  .   (no gloves)
Will     .....                  (boots unavailable)
Stlth    ++........             (no amulet)
HPRegen  0.11/turn              (no ring)
MPRegen  0.00/turn              (no ring)

@: appendages, flying
A: horns 2, flying, sickness immunity, fire resistance 2, cold vulnerability 1,
float, innate caster, hp casting, extra vitality 1
a: End Transformation


You were on level 4 of the Dungeon.
You had temporarily grown beastly horns.
You visited 1 branch of the dungeon, and saw 5 of its levels.

You collected 64 gold pieces.

Inventory:

Hand Weapons
 h - a +2 whip of electrocution (weapon)
Missiles
 g - 23 poisoned darts (quivered)
 m - 20 bolts
 o - 13 arrows
Armour
 a - a +0 leather armour (worn)
Wands
 f - a wand of digging (3)
Scrolls
 b - 2 scrolls of fog
 c - a scroll of magic mapping
 d - a scroll of fear
 i - a scroll of brand weapon {unknown}
 j - 2 scrolls of identify {unknown}
 k - a scroll of torment {unknown}
 l - a scroll of blinking {unknown}
Potions
 e - a potion of haste
 n - a potion of heal wounds {unknown}
 p - a potion of attraction {unknown}


   Skills:
 - Level 3.0 Fighting
 - Level 2.1 Dodging
 - Level 4.1 Stealth
 - Level 2.0 Unarmed Combat
 + Level 2.6 Spellcasting


You had 7 spell levels left.
You knew the following spells:

 Your Spells              Type           Power      Damage    Failure   Level
a - Beastly Appendage     Tmut           16%        N/A       11%         1
Your spell library was empty.

Dungeon Overview and Level Annotations

Branches:
Dungeon (5/15)
 Temple: D:4-7

Altars:

Shops:
D:5 *

Annotations:
D:4 Ijyb


Innate Abilities, Weirdness & Mutations

You have temporarily grown beastly horns.
You are flying.
You are immune to sickness and miasma.
You are immune to poison.
Your flesh is very heat resistant. (rF++)
You are vulnerable to cold. (rC-)
You float through the air rather than walking.
You learn spells naturally, not from books.
Your magical power is your life essence.
You have superior vitality. (+4 HP)


Message History

You are sucked into a shaft and drop 1 floor!
The shaft crumbles and collapses.
Unknown command.
Found a ring mail.
Found a book of Burglary.
There is a stone staircase leading down here.
You fly downwards.
There is a stone staircase leading up here.
There is a stone staircase leading down here.
You fly downwards.
Level annotation: Ijyb
Found 13 gold pieces.
There is a stone staircase leading up here.
You now have 64 gold pieces (gained 13).
An endoplasm is nearby!
An endoplasm is nearby!
An ogre comes into view. It is wielding a +0 giant club.
The endoplasm quivers.
Casting: Beastly Appendage (safe; 11% risk of failure)
Confirm with . or Enter, or press ? or * to list all spells.
You grow a pair of large bovine horns.
You hit the endoplasm.
Lightning courses through the endoplasm!
You kill the endoplasm!
Okay, then.
Okay, then.
Found 13 stones.
The helpless ogre fails to defend itself.
You hit the ogre. You headbutt the ogre!
The ogre is moderately wounded.
The ogre hits you with a +0 giant club!!
Ouch! That really hurt!
You barely miss the ogre.
The ogre is moderately wounded.
The ogre barely misses you.
You hit the ogre.
The ogre is heavily wounded.
The ogre hits you with a +0 giant club!!
Ouch! That really hurt!
You die...

#...######.....###
##.## ##...## #.#
#.## #.# .# #.# .#
####.# # #....#
#.######.#
#.###@O..#
#.##.###.# #....#
#.# ####.###.# #.#
...... #.# ......
#.# ......######.#
#(##.........# #.
.......g..#


You could see an ogre.

Vanquished Creatures
  A hound skeleton (D:4)
  2 adders (D:2)
  A dart slug (D:3)
  3 ball pythons
  2 bats (D:1)
  2 endoplasms
  3 hobgoblins
  7 jackals
  2 quokkas
  A frilled lizard (D:2)
  A rat (D:3)
25 creatures vanquished.

Notes
Turn   | Place    | Note
-------+----------+-------------------------------------------
     0 | D:5      | Spectrina the Djinni Delver began the quest for the Orb.
     0 | D:5      | Reached XP level 1. HP: 20/20 MP: 0/0
     0 | D:5      | Found Heqiggic's General Store.
    22 | D:5      | Noticed a hound
    30 | D:5      | Noticed a howler monkey
    62 | D:4      | Reached skill level 1 in Spellcasting
    62 | D:4      | Reached XP level 2. HP: 17/25 MP: 0/0
    90 | D:4      | Noticed Ijyb
   126 | D:4      | Reached XP level 3. HP: 21/30 MP: 0/0
   126 | D:4      | Learned a level 1 spell: Beastly Appendage
   318 | D:2      | Reached XP level 4. HP: 21/35 MP: 0/0
   336 | D:1      | You are sucked into a shaft and drop 1 floor!
   513 | D:1      | You are sucked into a shaft and drop 1 floor!
   603 | D:4      | Noticed an ogre
   613 | D:4      | Demolished by an ogre

Illustrated notes

Levels and vault maps discovered:
D:1:      nzn_arrival_depleted_hourglass, layout_loops_corners,
          hellmonk_ecumenical_altar_leap_of_faith
D:2:      layout_rooms
D:3:      layout_loops_ring
D:4:      layout_loops_ring, kennysheep_path_1, chequers_serial_rivers_micro_d,
          guppyfry_early_orc_mine, uniq_ijyb
D:5:      layout_cave_pools, minmay_temple_entry_gardened_gates, serial_shops,
          nicolae_shop_stone

Skill      XL: |  1  2  3 |
---------------+----------+-----
Spellcasting   | 1 2 |  2.6
Fighting       | |  3.0
Dodging        | |  2.1
Stealth        | |  4.1
Unarmed Combat | |  2.0

Action                   |  1- 3 |  4- 6 || total
-------------------------+-------+-------++-------
Melee: Unarmed           |    21 |       ||    21
       Punch             |     1 |     1 ||     2
       Whip              |    30 |    30 ||    60
       Headbutt          |       |     1 ||     1
 Cast: Beastly Appendage |     1 |     2 ||     3
 Stab: Distracted        |     1 |       ||     1
       Sleeping          |       |     3 ||     3
Armor: Leather armour    |    13 |    12 ||    25
Dodge: Dodged            |    40 |    26 ||    66

Table legend: (Time is in decaauts)
 A = Elapsed time spent in this place.
 B = Non-inter-level travel time spent in this place.
 C = Inter-level travel time spent in this place.
 D = Time resting spent in this place.
 E = Time spent auto-exploring this place.
 F = Levels seen in this place.
 G = Mean time per level.
                   A        B        C        D        E       F      G
               +--------+--------+--------+--------+--------+-----+--------+
         Total |    622 |    607 |     15 |      0 |      0 |   5 |  124.4 |
       Dungeon |    622 |    607 |     15 |      0 |      0 |   5 |  124.4 |
               +--------+--------+--------+--------+--------+-----+--------+

Top non-repeatable levels by time:
     D:2: 206 daAuts
     D:1: 170 daAuts
     D:4: 126 daAuts
     D:3: 85 daAuts
     D:5: 34 daAuts
